 Dungeon Crawl Stone Soup version 0.27-a0-1245-g940ed4fa31 (webtiles) character file.

Game seed: 5932465565648970621

434450 freelancePsychic the Acrobat (level 25, -17/202 HPs)
             Began as a Djinni Wanderer on June 9, 2021.
             Was a High Priest of Ashenzari.
             Demolished by an ettin
             ... wielding a +2 dire flail of protection
              (19 damage)
             ... while paralysed by a floating eye
             ... on level 4 of the Depths.
             The game lasted 03:04:26 (59248 turns).

freelancePsychic the Acrobat (Djinni Wanderer)     Turns: 59248, Time: 03:04:27

Health: -17/202    AC: 15    Str: 21    XL:     25   Next: 15%
Gold:   2928       EV:  2    Int: 36    God:    Ashenzari [*****.] SH:  0 Dex: 20

rFire    + + +     SeeInvis +   L - +17 lance "Wyrmbane" {slay drac, rPois rF+ rC+ AC+3, Evo, Self} (curse)
rCold    + . .     Faith    .   D - +2 tower shield "Ruined Together" {Fort, Self} (curse)
rNeg     . . .     Spirit   .   Q - +0 chain mail of the Unyielding Gaze {*Corrode Regen+ Int+8, Self, Range} (curse)
rPois    ∞         Reflect  .   l - +2 hat "Lashed Flawed Execution" {Will+, Fort, Melee} (curse)
rElec    .         Harm     .   M - scarf of Ashenzari's Portent {rC+ rF+, Cun, Melee} (curse)
rCorr    .         Rampage  .   F - +2 pair of gloves of Ashenzari's Augurer {Str+4 Int+3, Melee, Evo} (curse)
Will     +++++     Clarity  +   (boots unavailable)
Stlth    ..........             Y - necklace of Bloodlust {*Rage +Rage Will++ Int-3 Slay+6, Cun, Melee} (curse)
HPRegen  1.43/turn              H - ring "Bound With Me" {EV+4 Dex+4, Fort, Cun} (curse)
MPRegen  0.00/turn              N - ring "Qashreap" {Str+5 Int+6}

@: paralysed, corroded, flying
A: sickness immunity, fire resistance 2, cold vulnerability 1, float, innate
caster, hp casting, extra vitality 1
}: 2/15 runes: decaying, serpentine
a: Renounce Religion, Evoke Berserk Rage, Shatter the Chains


You were on level 4 of the Depths.
You worshipped Ashenzari.
Ashenzari was extremely pleased with you.
You visited 9 branches of the dungeon, and saw 41 of its levels.
You also visited: Trove and Gauntlet.

You collected 7246 gold pieces.
You spent 4308 gold pieces at shops.
You donated 10 gold pieces to Zin.

Inventory:

Hand Weapons
 e - a +0 dagger
 L - the cursed +17 lance "Wyrmbane" (weapon) {slay drac, rPois rF+ rC+ AC+3, Evo, Self}
   (You took it off Maggie on level 1 of the Lair of Beasts)

   It affects your AC (+3).
   It protects you from fire.
   It protects you from cold.
   It protects you from poison.
   It has a curse which improves the following skills: Evocations: Evocations.
   Introspection: Fighting and Spellcasting.
Missiles
 J - 2 throwing nets
Armour
 l - the cursed +2 hat "Lashed Flawed Execution" (worn) {Will+, Fort, Melee}
   (You found it in a Gauntlet)

   It has a curse which improves the following skills: Fortitude: Armour and
   Shields.
   Melee Combat: Short Blades, Long Blades, Axes, Maces & Flails, Polearms,
   Staves and Unarmed Combat.
 D - the cursed +2 tower shield "Ruined Together" (worn) {Fort, Self}
   (You found it on level 10 of the Dungeon)

   It has a curse which improves the following skills: Fortitude: Armour and
   Shields.
   Introspection: Fighting and Spellcasting.
 F - the cursed +2 pair of gloves of Ashenzari's Augurer (worn) {Str+4 Int+3, Melee, Evo}
   (You bought it in a shop on level 2 of the Depths)

   It affects your strength (+4).
   It affects your intelligence (+3).
   It has a curse which improves the following skills: Melee Combat: Short
   Blades, Long Blades, Axes, Maces & Flails, Polearms, Staves and Unarmed
   Combat.
   Evocations: Evocations.
 M - the cursed scarf of Ashenzari's Portent (worn) {rC+ rF+, Cun, Melee}
   (You found it on level 2 of the Lair of Beasts)

   It has a curse which improves the following skills: Cunning: Dodging and
   Stealth.
   Melee Combat: Short Blades, Long Blades, Axes, Maces & Flails, Polearms,
   Staves and Unarmed Combat.
 Q - the cursed +0 chain mail of the Unyielding Gaze (worn) {*Corrode Regen+ Int+8, Self, Range}
   (You found it on level 14 of the Dungeon)

   It affects your intelligence (+8).
   It increases your rate of health regeneration.
   It may corrode you when you take damage.
   It has a curse which improves the following skills: Introspection: Fighting
   and Spellcasting.
   Ranged Combat: Slings, Bows, Crossbows and Throwing.
Jewellery
 c - a ring of resist corrosion
 d - an amulet of reflection
 g - the ring "Itae" {rN+ AC+4}
   (You found it in a treasure trove)

   [ring of protection]

   It affects your AC (+4).
   It protects you from negative energy.
 y - the ring "Ysiekaxo" {Will+ Int+4}
   (You found it in a treasure trove)

   [ring of willpower]

   It affects your intelligence (+4).
   It increases your willpower.
 B - a ring of ice
 H - the cursed ring "Bound With Me" (left hand) {EV+4 Dex+4, Fort, Cun}
   (You found it in a treasure trove)

   [ring of evasion]

   It affects your evasion (+4).
   It affects your dexterity (+4).
   It has a curse which improves the following skills: Fortitude: Armour and
   Shields.
   Cunning:   Dodging and Stealth.
 N - the ring "Qashreap" (right hand) {Str+5 Int+6}
   (You found it in a treasure trove)

   [ring of intelligence]

   It affects your strength (+5).
   It affects your intelligence (+6).
 P - a ring of wizardry
 R - a +6 ring of intelligence
 U - a +6 ring of strength
 V - a ring of protection from cold
 W - the ring "Hoqilein" {rC+ AC+4 Str+3 Dex-4 Slay+2}
   (You found it in a treasure trove)

   [ring of protection]

   It affects your AC (+4).
   It affects your strength (+3).
   It affects your dexterity (-4).
   It affects your accuracy and damage with ranged weapons and melee attacks
   (+2).
   It protects you from cold.
 X - the ring "Kurruosu" {rN+ Will+ Str+5}
   (You found it on level 3 of the Vaults)

   [ring of positive energy]

   It affects your strength (+5).
   It protects you from negative energy.
   It increases your willpower.
 Y - the cursed necklace of Bloodlust (around neck) {*Rage +Rage Will++ Int-3 Slay+6, Cun, Melee}
   (You found it on level 1 of the Depths)

   [amulet of nothing]

   It affects your intelligence (-3).
   It affects your accuracy and damage with ranged weapons and melee attacks
   (+6).
   It lets you go berserk.
   It may make you go berserk in combat.
   It greatly increases your willpower.
   It has a curse which improves the following skills: Cunning: Dodging and
   Stealth.
   Melee Combat: Short Blades, Long Blades, Axes, Maces & Flails, Polearms,
   Staves and Unarmed Combat.
 Z - the ring of Ocwystrai {Ice Slay+3}
   (You found it in a treasure trove)

   [ring of ice]

   It enhances your ice magic.
   It affects your accuracy and damage with ranged weapons and melee attacks
   (+3).
   It makes you vulnerable to fire.
   It protects you from cold.
Wands
 r - a wand of acid (17)
 s - a wand of digging (9)
 x - a wand of flame (24)
 z - a wand of iceblast (41)
 G - a wand of polymorph (14)
 O - a wand of charming (15)
Scrolls
 b - 7 scrolls of fog
 f - 4 scrolls of noise
 j - 3 scrolls of holy word
 k - 6 scrolls of immolation
 m - 6 scrolls of teleportation {@r4}
 o - 2 scrolls of brand weapon
 q - 6 scrolls of magic mapping
 t - 5 scrolls of fear
 C - 7 scrolls of enchant armour
 E - 2 scrolls of summoning
 K - 7 scrolls of silence
 T - a scroll of blinking
Potions
 a - 4 potions of might
 h - 2 potions of cancellation
 i - 4 potions of invisibility
 n - 15 potions of curing {@q1}
 p - 3 potions of mutation
 u - 4 potions of resistance
 v - a potion of heal wounds {@q2}
 w - 6 potions of haste {@q3}
 A - 4 potions of ambrosia
 I - 4 potions of berserk rage
 S - a potion of brilliance


   Skills:
 - Level 19.1(23.3) Fighting
 - Level 5.7(11.7) Short Blades
 - Level 7.0(13.1) Polearms
 - Level 1.7(7.7) Staves
 + Level 13.9(18.6) Armour
 - Level 23.5(27) Dodging
 - Level 1.5(4.9) Stealth
 - Level 19.1(23.3) Shields
 + Level 15.7(20.2) Spellcasting
 - Level 1.4(4.0) Evocations


You couldn't memorise any spells.
You knew the following spells:

 Your Spells              Type           Power      Damage    Failure   Level
a - Lightning Bolt        Conj/Air       55%        1d77      1%          5
b - Shadow Creatures      Summ           N/A        N/A       1%          6
c - Spellforged Servitor  Conj/Summ      55%        N/A       1%          7
d - Bolt of Magma         Conj/Fire/Erth 55%        4d22      1%          5
e - Haunt                 Necr/Summ      55%        N/A       1%          7
f - Call Imp              Summ           100%       N/A       0%          2
g - Call Canine Familiar  Summ           100%       N/A       0%          3
h - Inner Flame           Hex/Fire       100%       N/A       0%          3
i - Corona                Hex            100%       N/A       0%          1
j - Conjure Flame         Conj/Fire      100%       6-21      0%          3
k - Slow                  Hex            100%       N/A       0%          2
l - Magic Dart            Conj           100%       1d8       0%          1
m - Poisonous Vapours     Pois/Air       100%       N/A       0%          2
n - Blink                 Tloc           N/A        N/A       0%          2
o - Mephitic Cloud        Conj/Pois/Air  100%       N/A       0%          3
p - Borgnjor's Revivific  Necr           55%        N/A       7%          8
q - Dragon Form           Tmut           55%        N/A       1%          7
r - Death's Door          Necr           55%        N/A       71%         9
Your spell library was empty.

Dungeon Overview and Level Annotations

Branches:
Dungeon (15/15)            Temple (1/1) D:4            Lair (6/6) D:9
  Swamp (4/4) Lair:3        Snake (4/4) Lair:4        Slime (0/5) Lair:6
    Orc (2/2) D:11            Elf (1/3) Orc:2        Vaults (4/5) D:13
  Crypt (0/3) Vaults:2     Depths (4/5) D:15        Gauntlet (visited)

Altars:
Ashenzari
Cheibriados
Dithmenos
Elyvilon
Fedhas
Gozag
Hepliaklqana
Kikubaaqudgha
Makhleb
Nemelex Xobeh
Okawaru
Qazlal
Ru
Sif Muna
Trog
Uskayaw
Vehumet
Wu Jian
Xom
Yredelemnul
Zin
The Shining One
Beogh
Jiyva

Shops:
D:2 (   D:13 (   Orc:2 *:?(=*   Snake:2 :=:   Vaults:1 ?   Depths:2 !*[![

Portals:
Hell: Depths:1 Depths:2 Depths:3 Depths:4
Abyss: Depths:1 Depths:4
Pandemonium: Depths:3 Depths:4
Ziggurat: Depths:2

Annotations:
D:14 Roxanne
Lair:3 1 runed translucent door, relicbr's ghost, journeyman DsWn
Orc:1 3 runed translucent doors, Rygut's ghost, journeyman DrFi


Innate Abilities, Weirdness & Mutations

You are immune to sickness and miasma.
You are immune to poison.
Your flesh is very heat resistant. (rF++)
You are vulnerable to cold. (rC-)
You float through the air rather than walking.
You learn spells naturally, not from books.
Your magical power is your life essence.
You have superior vitality. (+4 HP)


Message History

The deep troll shaman bites your spark wasp!
The deep troll shaman claws your spark wasp!
The deep troll shaman claws your spark wasp but does no damage.
Your spark wasp stings the deep troll shaman!!
The deep troll shaman dies!
The +0 troll leather armour is intact enough to wear.
Reach: L) +17 lance "Wyrmbane" {slay drac, rPois rF+ rC+ AC+3, Evo, Self} (curse)
Press: ? - help, Dir - move target, f - you
Okay, then.
You swap places.
Found a +0 broad axe.
A quicksilver dragon comes into view.
Things that are here:
a +0 dire flail; a +0 dire flail A spriggan defender comes into view.
It is wielding a +0 broad axe.
Your spark wasp dissolves into shadows!
The spriggan defender drinks a potion.
The spriggan defender seems to speed up.
You block the spark wasp's attack.
The floating eye gazes piercingly through you!
You suddenly lose the ability to move!
A swamp dragon comes into view.
Your spark wasp dissolves into shadows!
The spark wasp stings you! The spark wasp shocks you!
The ettin hits you with a +2 dire flail of protection!!
The ettin hits you with a +0 dire flail!!
* * * LOW HITPOINT WARNING * * *
Your spark wasp misses the spark wasp.
The spark wasp stings you!!
* * * LOW HITPOINT WARNING * * *
The spark wasp shocks you!
* * * LOW HITPOINT WARNING * * *
A fire giant comes into view.
It is wielding a +2 great sword of flaming.
The swamp dragon changes into a mana viper!
Your spark wasp stings the spark wasp!
Your spark wasp shocks the spark wasp.
The spark wasp completely resists.
The spark wasp stings you but does no damage.
The ettin hits you with a +2 dire flail of protection!
* * * LOW HITPOINT WARNING * * *
The ettin hits you with a +0 dire flail!!
You die...

#..............#{{ ,*,
*,
*#........####...#..∆#C
, *
#.........####...###.).
,* , *
#..........####...###.C.
, ,
..⌠.⌠......####...#...S.
, ..... * ##..)#G..* *,
,,, , ,.⌠.. * ##.D)i.#
,, , ,,, ,, ,,, *
##.Cy#..#{ ,, ,,, ,,, ,
##.@y#...., ,* , , , ,,
** * ##.))##...# ,* * ,
*********
**##...#..#...# {, * *,
, ##.[.##.#.#{#∆, ,, ,,
, * ,.##...##.∆.#{###,
*, , *
,,,.##...#..#..{.., **{*
,,, *,,,
.##...###.{#(#,*{ {{ , ,
,,.##$..###.#.#.# *{ {{
, ,, **###.[.#.S{...# ,
*{


You could see a juggernaut, a fire giant, a quicksilver dragon, a spriggan
defender (fast), an ettin, a spark wasp (ally target), a mana viper shaped
shifter, a floating eye and a friendly spark wasp (summoned).

Vanquished Creatures
  2 juggernauts (Depths:3)
  Mennas (Depths:4)
  Bai Suzhen (Depths:2)
  Saint Roka (Orc:2)
  Vashnia (Snake:2)
  A golden dragon (Depths:2)
  3 tentacled monstrosities
  Rupert (Lair:4)
  2 liches
  A titan (Depths:1)
  2 tengu reavers (Depths:3)
  Kirke (D:13)
  4 storm dragons
  6 fire giants
  8 nagarajas
  2 iron dragons (Depths:3)
  A fenstrider witch (Swamp:1)
  11 frost giants
  7 vault wardens
  2 orc warlords (Vaults:2)
  4 spectral caustic shrikes (Depths:1)
  15 very ugly things
  A spriggan defender (Depths:3)
  A war gargoyle (Vaults:4)
  8 ironbound preservers
  4 vampire knights
  11 stone giants
  Nessos (D:13)
  11 spark wasps
  A deep elf demonologist (Depths:3)
  3 dire elephants
  Azrael (D:13)
  9 fire dragons
  A merfolk javelineer (Depths:1)
  A crystal guardian (Vaults:3)
  3 eleionomae
  2 shambling mangroves
  Josephine (Lair:6)
  3 jiangshi (Depths:1)
  9 ettins
  6 yaktaur captains
  13 great orbs of eyes
  Erolcha (Orc:1)
  5 ice dragons
  3 rakshasas
  16 naga warriors
  5 ironbound thunderhulks
  3 peacekeepers
  A ghost crab (Swamp:3)
  3 salamander tyrants (Snake:4)
  3 ironbound frosthearts
  20 hydras
  3 vault guards
  3 spriggan air magi
  4 boulder beetles
  24 centaur warriors
  3 catoblepae
  An ogre mage (D:13)
  4 anacondas
  3 two-headed ogres
  A merfolk avatar (Lair:6)
  A death knight (Vaults:2)
  A satyr (shapeshifter) (Depths:2)
  6 alligators
  13 death yaks
  6 tengu warriors
  Urug (D:12)
  6 deep troll shamans
  5 deep troll earth magi
  6 spriggan berserkers
  A shock serpent (Snake:3)
  A thrashing horror (Gauntlet)
  Nergalle (Lair:2)
  2 vampire magi
  3 ironbound beastmasters
  14 naga sharpshooters
  Sonja (Orc:1)
  7 hell knights
  2 salamander mystics
  7 iron trolls
  3 goliath frogs
  2 sixfirhies
  3 naga ritualists
  An orange crystal statue (Depths:1)
  A bog body (Swamp:3)
  4 spriggan druids
  2 glowing orange brains
  30 deep trolls
  10 swamp dragons
  2 sea snakes
  3 spectral hydras (Swamp:4)
  6 wizards
  3 lindwurms
  8 phantasmal warriors
  4 flayed ghosts
  12 orc knights
  10 ironbound convokers
  4 necromancers
  6 mana vipers
  9 harpies
  7 orc sorcerers (Orc:2)
  13 salamanders
  2 will-o-the-wisps
  2 deep elf pyromancers
  28 ugly things
  6 manticores
  A stone giant zombie (Vaults:4)
  8 cyclopes
  A sphinx skeleton (Vaults:4)
  13 elephants
  30 black mambas
  2 guardian serpents (Snake:4)
  Maggie (Lair:1)
  A gargoyle (D:12)
  9 naga magi
  A cane toad (shapeshifter) (D:15)
  6 cane toads
  A torpor snail (Lair:3)
  10 vault sentinels
  10 komodo dragons
  A spectral naga (Snake:4)
  36 yaktaurs
  7 rime drakes
  3 efreet
  2 death drake zombies (Swamp:4)
  3 hydra zombies (Swamp:4)
  2 tengu conjurers
  4 trolls
  3 polar bears (Lair:6)
  9 tyrant leeches
  3 bloated husks
  A raiju (shapeshifter) (D:14)
  4 dream sheep (Lair:3)
  A raiju (D:13)
  9 hornets
  29 slime creatures
  Prince Ribbit (D:7)
  A hydra skeleton (Swamp:4)
  5 blink frogs (Lair:6)
  8 wyverns
  An elf skeleton (Vaults:4)
  4 wraiths
  13 spriggans
  2 shadows
  A spriggan (shapeshifter) (Depths:3)
  A tarantella (shapeshifter) (D:15)
  57 yaks
  A hog (D:13)
  An ettin skeleton (Vaults:4)
  8 water elementals (Depths:1)
  2 fire elementals
  2 basilisks
  2 steam dragons
  8 wargs
  9 vampire mosquitoes
  35 nagas
  11 swamp worms
  17 water moccasins
  3 hydra simulacra (Swamp:4)
  An acid dragon (D:12)
  4 swamp drakes
  3 hell hounds (D:13)
  Purgy (D:3)
  An ice beast (D:8)
  A sky beast (D:7)
  19 orc warriors
  A black bear (shapeshifter) (D:13)
  3 black bears
  2 swamp dragon zombies (Swamp:4)
  16 ogres
  A boggart (Vaults:4)
  20 wolves
  11 centaurs
  2 swamp dragon skeletons (Swamp:4)
  2 small abominations (Gauntlet)
  4 kobold brigands
  7 bullfrogs
  6 scorpions
  5 gnoll sergeants
  11 killer bees
  An electric eel (Snake:2)
  A vampire bat (Lair:6)
  3 howler monkeys
  3 centaur zombies
  3 crimson imps
  2 bullfrog zombies
  2 gnoll shamans
  A hound (D:7)
  16 orc priests
  2 bullfrog skeletons
  Jessica (D:2)
  40 orc wizards
  A howler monkey zombie (D:11)
  21 gnolls
  A howler monkey skeleton (D:7)
  9 adders
  A shadow imp (Gauntlet)
  An adder zombie (D:5)
  3 worms
  2 dart slugs
  97 orcs
  7 endoplasms
  6 giant cockroaches
  6 goblins
  2 hobgoblins
  2 jackals (D:2)
  3 quokkas
  3 ball pythons
  11 bats
  3 frilled lizards
  11 kobolds
  5 rats
1333 creatures vanquished.

Vanquished Creatures (collateral kills)
  A caustic shrike (Depths:3)
  A golden dragon (Depths:2)
  3 liches
  3 sphinxes
  Agnes (Snake:2)
  A tengu reaver (Depths:3)
  3 thorn hunters
  A storm dragon (Depths:3)
  Donald (Vaults:1)
  2 fire giants (Depths:3)
  3 nagarajas (Snake:4)
  An azure jelly (shapeshifter) (Depths:3)
  4 frost giants
  8 vault wardens
  Louise (Snake:2)
  2 orc warlords
  4 ironbound preservers
  8 very ugly things
  3 war gargoyles (Vaults:3)
  A hydra skeleton (Swamp:4)
  3 stone giants
  A vampire knight (Swamp:4)
  A bunyip (Swamp:2)
  4 spark wasps
  2 dire elephants (Vaults:4)
  3 shambling mangroves (Swamp:4)
  2 merfolk javelineers (Depths:1)
  3 fire dragons
  A crystal guardian (Vaults:4)
  A great orb of eyes (Depths:3)
  An ironbound thunderhulk (Vaults:3)
  4 yaktaur captains
  4 salamander tyrants
  2 vault guards (Vaults:4)
  A rakshasa (Depths:3)
  4 hydras
  2 boulder beetles (D:14)
  6 naga warriors (Snake:4)
  2 peacekeepers
  8 centaur warriors
  An ironbound frostheart (Vaults:4)
  3 spriggan air magi (Depths:3)
  3 anacondas
  A death knight (Vaults:2)
  A two-headed ogre (D:14)
  An alligator (Swamp:2)
  9 naga sharpshooters
  2 ironbound beastmasters
  4 deep troll shamans
  3 deep troll earth magi
  4 spriggans
  2 spriggan berserkers (Depths:3)
  6 hell knights
  An iron troll (Depths:2)
  2 salamander mystics (Snake:4)
  A goliath frog (Swamp:3)
  12 deep trolls
  3 glowing orange brains
  3 ironbound convokers
  A necromancer (Depths:4)
  2 swamp dragons
  2 harpies (Vaults:2)
  A lindwurm (Vaults:3)
  4 wizards
  A phantasmal warrior (Snake:4)
  7 naga ritualists
  2 mana vipers
  12 ugly things
  A will-o-the-wisp (Swamp:4)
  3 oklob plants (Swamp:4)
  12 salamanders
  A frost giant skeleton (Vaults:4)
  A black mamba (shapeshifter) (Vaults:4)
  8 black mambas
  5 naga magi
  2 vault sentinels (Vaults:1)
  A freezing wraith (Swamp:4)
  12 yaktaurs
  5 hornets
  2 slime creatures (D:14)
  2 fire elementals (D:13)
  4 vampire mosquitoes (D:14)
  A swamp worm (Swamp:3)
  A hell hound (D:13)
  22 nagas
  2 floating eyes
  3 boggarts (Vaults:4)
  A phantom (D:7)
  4 briar patches (Swamp:2)
294 creatures vanquished.

Vanquished Creatures (others)
  Jory (Vaults:4)
  A fire giant (Depths:3)
  An alligator (Swamp:3)
  A shadow wraith (Vaults:2)
  A necromancer (Depths:1)
  A black mamba (Snake:4)
  A tengu conjurer (Depths:4)
  A hornet (Swamp:1)
  A raiju (D:13)
  A hog (D:13)
  An orc (Orc:2)
  5 briar patches
  16 bushes (D:12)
  18 foxfires
  51 fungi
  157 plants
258 creatures vanquished.

Grand Total: 1885 creatures vanquished

Notes
Turn   | Place    | Note
-------+----------+-------------------------------------------
     0 | D:1      | freelancePsychic the Djinni Wanderer began the quest for
                  | the Orb.
     0 | D:1      | Reached XP level 1. HP: 20/20 MP: 0/0
    12 | D:1      | Found a blossoming altar of Fedhas.
    59 | D:1      | You are sucked into a shaft and drop 1 floor!
   198 | D:1      | Reached XP level 2. HP: 25/25 MP: 0/0
   585 | D:1      | Found a faded altar of an unknown god.
   659 | D:1      | Became a worshipper of Zin the Law-Giver
   659 | D:1      | Reached * piety under Zin
   738 | D:2      | Reached XP level 3. HP: 29/30 MP: 0/0
   738 | D:2      | Learned a level 1 spell: Corona
  1003 | D:2      | Found Caulauk's Antique Weapon Emporium.
  1041 | D:2      | Noticed Jessica
  1050 | D:2      | Killed Jessica
  1051 | D:2      | Reached XP level 4. HP: 25/37 MP: 0/0
  1054 | D:2      | You are sucked into a shaft and drop 1 floor!
  1469 | D:2      | Reached XP level 5. HP: 16/41 MP: 0/0
  1469 | D:2      | Learned a level 2 spell: Poisonous Vapours
  1798 | D:2      | Reached ** piety under Zin
  2460 | D:3      | Reached XP level 6. HP: 33/47 MP: 0/0
  2708 | D:3      | Noticed Purgy
  2726 | D:3      | Killed Purgy
  3224 | D:4      | Found a staircase to the Ecumenical Temple.
  3233 | Temple   | Entered the Ecumenical Temple
  3409 | Temple   | Fell from the grace of Zin
  3409 | Temple   | Became a worshipper of Ashenzari the Shackled
  3776 | D:4      | Reached XP level 7. HP: 45/53 MP: 0/0
  3776 | D:4      | Learned a level 3 spell: Call Canine Familiar
  3794 | D:4      | Reached skill level 5 in Fighting
  3794 | D:4      | Reached skill level 5 in Spellcasting
  4319 | D:4      | Found a glowing golden altar of the Shining One.
  5255 | D:5      | Entered Level 5 of the Dungeon
  5260 | D:5      | Reached XP level 8. HP: 41/60 MP: 0/0
  6002 | D:5      | Found a shimmering altar of Xom.
  6644 | D:6      | Found a sacrificial altar of Ru.
  6849 | D:6      | Reached * piety under Ashenzari
  6849 | D:6      | Reached ** piety under Ashenzari
  7949 | D:5      | Reached *** piety under Ashenzari
  8028 | D:5      | Reached skill level 1 in Evocations
  8331 | D:7      | Noticed Prince Ribbit
  8347 | D:7      | Killed Prince Ribbit
  8348 | D:7      | Reached skill level 1 in Armour
  8348 | D:7      | Reached skill level 1 in Dodging
  8348 | D:7      | Reached XP level 9. HP: 22/67 MP: 0/0
  8348 | D:7      | Learned a level 3 spell: Inner Flame
  8675 | D:7      | Reached skill level 2 in Dodging
  9492 | D:2      | Bought a scorched rapier for 198 gold pieces
  9492 | D:2      | Identified the +1 rapier of the Land of Plenty {elec,
                  | Dex+5} (You bought it in a shop on level 2 of the Dungeon)
  9933 | D:7      | Reached skill level 3 in Dodging
  9933 | D:7      | Reached skill level 1 in Shields
 10541 | D:8      | Identified a scroll of acquirement
 10559 | D:8      | Acquired 656 gold pieces
 10790 | D:8      | Noticed a hornet
 10794 | D:8      | Killed a hornet
 10795 | D:8      | Reached skill level 1 in Short Blades
 10795 | D:8      | Reached skill level 4 in Dodging
 10795 | D:8      | Reached XP level 10. HP: 66/73 MP: 0/0
 11285 | D:8      | Reached skill level 5 in Dodging
 11346 | D:8      | Reached skill level 6 in Dodging
 12146 | D:9      | Reached skill level 5 in Short Blades
 12146 | D:9      | Reached skill level 7 in Dodging
 12337 | D:9      | Reached XP level 11. HP: 67/77 MP: 0/0
 12337 | D:9      | Learned a level 5 spell: Bolt of Magma
 12806 | D:9      | Identified the +2 robe "Plog" {+Inv rN+ Stlth+}
 12840 | D:9      | Found a staircase to the Lair.
 12951 | D:9      | Found a shadowy altar of Dithmenos.
 12951 | D:9      | Found an ornate altar of the Wu Jian Council.
 13300 | D:10     | Entered Level 10 of the Dungeon
 13511 | D:10     | Found a glowing silver altar of Zin.
 13661 | D:10     | Reached XP level 12. HP: 84/84 MP: 0/0
 14030 | D:11     | Reached skill level 10 in Shields
 14836 | D:11     | Found a staircase to the Orcish Mines.
 14869 | D:12     | Noticed a centaur warrior
 14869 | D:12     | Noticed a four-headed hydra
 14963 | D:12     | Found a gate leading to a gauntlet.
 14975 | Gauntlet | Entered a Gauntlet
 14975 | Gauntlet | Found a transporter.
 14975 | Gauntlet | Found a transporter.
 14975 | Gauntlet | Found a transporter.
 14975 | Gauntlet | Found a transporter.
 14993 | Gauntlet | Noticed a thrashing horror
 15115 | Gauntlet | Found a transporter.
 15117 | Gauntlet | Noticed a reaper
 15123 | Gauntlet | Noticed a catoblepas
 15125 | Gauntlet | Found a transporter.
 15156 | Gauntlet | Identified the -5 cloak of the Imp {-Cast rPois rC- rN+++
                  | Slay+5}
 15192 | Gauntlet | Found a transporter.
 15202 | Gauntlet | Found a transporter.
 15219 | Gauntlet | Found a transporter.
 15229 | Gauntlet | Found a transporter.
 15244 | Gauntlet | Found a transporter.
 15250 | Gauntlet | Found a transporter.
 15290 | Gauntlet | Reached **** piety under Ashenzari
 15336 | Gauntlet | Killed a thrashing horror
 15526 | Gauntlet | Noticed a minotaur
 16026 | Orc:1    | Entered Level 1 of the Orcish Mines
 16026 | Orc:1    | Noticed Sonja
 16028 | Orc:1    | Killed Sonja
 16118 | Orc:1    | Noticed Erolcha
 16123 | Orc:1    | Killed Erolcha
 16532 | Orc:1    | Noticed Rygut's ghost (journeyman DrFi)
 16543 | Orc:1    | Found a runed translucent gate.
 16543 | Orc:1    | Found a runed translucent gate.
 16543 | Orc:1    | Found a runed translucent gate.
 16976 | Orc:2    | Entered Level 2 of the Orcish Mines
 17016 | Orc:2    | Reached ***** piety under Ashenzari
 17183 | Orc:2    | Found Ves Woru's Book Shop.
 17183 | Orc:2    | Noticed a two-headed ogre
 17193 | Orc:2    | Killed a two-headed ogre
 17207 | Orc:2    | Reached XP level 13. HP: 64/97 MP: 0/0
 17207 | Orc:2    | Learned a level 5 spell: Lightning Bolt
 18217 | Orc:2    | Found Coiss's Assorted Antiques.
 18672 | Orc:2    | Reached skill level 10 in Spellcasting
 18969 | Orc:2    | Found Kitetiv's Magic Scroll Emporium.
 19035 | Orc:2    | Found Teikluv's Weapon Emporium.
 19048 | Orc:2    | Noticed Saint Roka
 19906 | Orc:2    | Killed Saint Roka
 20388 | Orc:2    | Found Epnabipibb's Assorted Antiques.
 20543 | Orc:2    | Found a staircase to the Elven Halls.
 20676 | Orc:2    | Found Jahumaeb's Jewellery Shop.
 20978 | Orc:2    | Bought a square blue amulet for 125 gold pieces
 21015 | Orc:2    | Bought a scroll of enchant armour for 97 gold pieces
 21015 | Orc:2    | Bought a scroll of teleportation for 39 gold pieces
 21015 | Orc:2    | Bought a scroll of blinking for 97 gold pieces
 21015 | Orc:2    | Bought a scroll of fog for 26 gold pieces
 21015 | Orc:2    | Bought a scroll of fear for 45 gold pieces
 21194 | Lair:1   | Entered Level 1 of the Lair of Beasts
 21473 | Lair:1   | Noticed Maggie
 21480 | Lair:1   | Killed Maggie
 21654 | Lair:1   | Reached skill level 1 in Polearms
 21706 | Lair:1   | Identified the +4 ring mail of the Volcano {Rampage SInv}
 22447 | Lair:2   | Noticed a five-headed hydra
 22451 | Lair:2   | Killed a five-headed hydra
 22452 | Lair:2   | Reached XP level 14. HP: 92/107 MP: 0/0
 22815 | Lair:2   | Noticed Nergalle
 22821 | Lair:2   | Killed Nergalle
 23192 | Lair:3   | Found a staircase to the Swamp.
 23232 | Lair:3   | Found a runed translucent door.
 23233 | Lair:3   | Noticed relicbr's ghost (journeyman DsWn)
 23237 | Lair:3   | Identified the +6 trident of Pandemonium {speed, Str+4
                  | Int+4 Dex+6}
 24374 | Lair:3   | Reached skill level 5 in Polearms
 24620 | Lair:4   | Noticed Rupert
 24636 | Lair:4   | Killed Rupert
 25924 | Lair:4   | Found a staircase to the Snake Pit.
 26747 | Lair:5   | Reached XP level 15. HP: 87/115 MP: 0/0
 26747 | Lair:5   | Learned a level 6 spell: Shadow Creatures
 26874 | Lair:5   | Reached skill level 8 in Dodging
 26922 | Lair:4   | Reached skill level 10 in Fighting
 28060 | Lair:6   | Entered Level 6 of the Lair of Beasts
 28343 | Lair:6   | Noticed Josephine
 28351 | Lair:6   | Killed Josephine
 28652 | Lair:6   | Reached skill level 9 in Dodging
 29052 | Lair:6   | Found a viscous altar of Jiyva.
 29056 | Lair:6   | Found a staircase to the Slime Pits.
 30062 | Lair:6   | Reached skill level 10 in Dodging
 30065 | Lair:6   | Reached XP level 16. HP: 80/124 MP: 0/0
 30689 | Snake:1  | Entered Level 1 of the Snake Pit
 32926 | D:12     | Noticed Urug
 32928 | D:12     | Reached skill level 11 in Dodging
 32942 | D:12     | Killed Urug
 33256 | D:12     | Found a blossoming altar of Fedhas.
 34004 | D:13     | Reached skill level 12 in Dodging
 34210 | D:13     | Noticed a storm dragon
 34221 | D:13     | Killed a storm dragon
 34244 | D:13     | Noticed Nessos
 34255 | D:13     | Killed Nessos
 34465 | D:13     | Reached ****** piety under Ashenzari
 34492 | D:13     | Found Jainadu's Weapon Boutique.
 34579 | D:13     | Reached skill level 13 in Dodging
 34987 | D:13     | Found a gate to the Vaults.
 35034 | D:13     | Found the +8 arc blade {discharge, rElec}
 35342 | D:13     | Identified the +11 dagger of the Dwarven Hall {vorpal,
                  | *Slow rElec rPois Int+4}
 35367 | D:13     | Noticed Kirke
 35375 | D:13     | Killed Kirke
 35376 | D:13     | Reached skill level 14 in Dodging
 35376 | D:13     | Reached XP level 17. HP: 120/139 MP: 0/0
 35376 | D:13     | Learned a level 7 spell: Spellforged Servitor
 35628 | D:13     | Noticed Azrael
 35632 | D:13     | Killed Azrael
 36831 | D:14     | Identified the +0 chain mail of Spring {*Corrode Regen+
                  | Int+8}
 36841 | D:14     | Reached skill level 15 in Dodging
 36970 | D:14     | Noticed Roxanne
 37119 | D:15     | Entered Level 15 of the Dungeon
 37242 | D:15     | Found a staircase to the Depths.
 38144 | Snake:1  | Reached skill level 16 in Dodging
 38754 | Snake:2  | Noticed Vashnia
 38771 | Snake:2  | Reached skill level 5 in Armour
 38778 | Snake:2  | Killed Vashnia
 38783 | Snake:2  | Noticed Louise
 38802 | Snake:2  | Killed Louise
 38944 | Snake:2  | Found an ornate altar of the Wu Jian Council.
 39103 | Snake:2  | Noticed Agnes
 39116 | Snake:2  | Killed Agnes
 39117 | Snake:2  | Reached XP level 18. HP: 90/148 MP: 0/0
 39297 | Snake:2  | Found Ceryaq's Jewellery Shoppe.
 39298 | Snake:2  | Found Acoh's Book Shop.
 39298 | Snake:2  | Found Royleppo's Book Shop.
 39801 | Orc:2    | Bought a +6 ring of strength for 643 gold pieces
 40171 | Snake:3  | Reached skill level 17 in Dodging
 40906 | Snake:4  | Entered Level 4 of the Snake Pit
 41233 | Snake:4  | Reached skill level 15 in Shields
 41713 | Snake:4  | Reached XP level 19. HP: 136/156 MP: 0/0
 41713 | Snake:4  | Learned a level 7 spell: Haunt
 41760 | Snake:4  | Got a serpentine rune of Zot
 42373 | Snake:4  | Found a shimmering altar of Xom.
 42613 | Swamp:1  | Entered Level 1 of the Swamp
 42640 | Swamp:1  | Acquired a manual of Fighting
 43454 | Swamp:2  | Identified the +2 scale mail of the Sacrificial Victim
                  | {rC+}
 44293 | Swamp:4  | Entered Level 4 of the Swamp
 44540 | Swamp:4  | Reached XP level 20. HP: 143/166 MP: 0/0
 44971 | Swamp:4  | Found a basalt altar of Yredelemnul.
 45003 | Swamp:4  | Got a decaying rune of Zot
 45021 | Swamp:4  | Found a blossoming altar of Fedhas.
 45515 | Vaults:1 | Entered Level 1 of the Vaults
 45515 | Vaults:1 | Found Hyexke's Magic Scroll Shoppe.
 45549 | Vaults:1 | Bought a scroll of acquirement for 936 gold pieces
 45549 | Vaults:1 | Bought a scroll of acquirement for 936 gold pieces
 45549 | Vaults:1 | Acquired a manual of Dodging
 45551 | Vaults:1 | Acquired 434 gold pieces
 45606 | Vaults:1 | Noticed Donald
 45617 | Vaults:1 | Killed Donald
 46677 | Vaults:1 | Reached skill level 18 in Dodging
 47249 | Vaults:2 | Reached skill level 15 in Fighting
 47261 | Vaults:2 | Reached skill level 19 in Dodging
 47261 | Vaults:2 | Reached XP level 21. HP: 177/177 MP: 0/0
 47261 | Vaults:2 | Learned a level 8 spell: Borgnjor's Revivification
 47432 | Vaults:2 | Found a staircase to the Crypt.
 48384 | Vaults:2 | Found a portal to a secret trove of treasure.
 49845 | Vaults:3 | Reached XP level 22. HP: 161/193 MP: 0/0
 50015 | Vaults:3 | Identified the ring "Kurruosu" {rN+ Will+ Str+5}
 50265 | Vaults:4 | Noticed Jory
 50296 | Vaults:4 | Killed Jory
 50672 | Vaults:4 | Reached skill level 20 in Dodging
 51292 | Vaults:4 | Reached skill level 21 in Dodging
 52114 | Depths:1 | Entered Level 1 of the Depths
 52782 | Depths:1 | Found a gateway to Hell.
 52992 | Depths:1 | Reached skill level 22 in Dodging
 53138 | Depths:1 | Identified the +4 war axe "Oklur" {venom, Contam rC++}
 53140 | Depths:1 | Found the necklace of Bloodlust {*Rage +Rage Will++ Int-3
                  | Slay+6}
 53256 | Depths:1 | Reached XP level 23. HP: 199/201 MP: 0/0
 53256 | Depths:1 | Learned a level 7 spell: Dragon Form
 53571 | Depths:1 | Found a one-way gate to the infinite horrors of the Abyss.
 54024 | Depths:2 | Found a gateway to a ziggurat.
 54042 | Depths:2 | Found Uggin's Distillery.
 54042 | Depths:2 | Found Tofasch's Distillery.
 54053 | Depths:2 | Found Citim's Antique Armour Emporium.
 54055 | Depths:2 | Found Cataism's General Store.
 54112 | Depths:2 | Bought a potion of cancellation for 112 gold pieces
 54112 | Depths:2 | Bought 2 potions of haste for 280 gold pieces
 54112 | Depths:2 | Bought a potion of haste for 140 gold pieces
 54112 | Depths:2 | Bought a potion of resistance for 140 gold pieces
 54126 | Depths:2 | Noticed Bai Suzhen
 54136 | Depths:2 | Killed Bai Suzhen
 54143 | Depths:2 | Found Maro's Antique Armour Shoppe.
 54193 | Depths:2 | Reached skill level 23 in Dodging
 54300 | Depths:2 | Bought a pair of smoking gloves for 494 gold pieces
 54300 | Depths:2 | Identified the +2 pair of gloves "Gape Nas" {Str+4 Int+3}
                  | (You bought it in a shop on level 2 of the Depths)
 54399 | Depths:2 | Noticed a golden dragon
 54976 | Depths:2 | Noticed a golden dragon
 54982 | Depths:2 | Killed a golden dragon
 55289 | Depths:2 | Reached skill level 10 in Armour
 55360 | Depths:2 | Killed a golden dragon
 56092 | Vaults:2 | You paid a toll of +2 storm dragon scales to enter a
                  | treasure trove
 56093 | Trove    | Entered a treasure trove
 56093 | Trove    | Identified the ring of Autumn {EV+4 Dex+4}
 56095 | Trove    | Identified the ring "Itae" {rN+ AC+4}
 56095 | Trove    | Identified the ring "Qashreap" {Str+5 Int+6}
 56095 | Trove    | Identified the ring of Ytynarooc {rElec rF++ rN+ Dex-2}
 56095 | Trove    | Identified the ring of Ocwystrai {Ice Slay+3}
 56096 | Trove    | Identified the ring "Ysiekaxo" {Will+ Int+4}
 56097 | Trove    | Identified the ring "Hoqilein" {rC+ AC+4 Str+3 Dex-4
                  | Slay+2}
 56399 | Elf:1    | Entered Level 1 of the Elven Halls
 56817 | Depths:3 | Found a one-way gate leading to the halls of Pandemonium.
 56839 | Depths:3 | Reached XP level 24. HP: 157/194 MP: 0/0
 56995 | Depths:3 | Noticed a juggernaut
 57118 | Depths:3 | Killed a juggernaut
 57274 | Depths:3 | Noticed a caustic shrike
 57282 | Depths:3 | Noticed a juggernaut
 57288 | Depths:3 | Killed a caustic shrike
 57609 | Depths:3 | Paralysed by a floating eye for 3 turns
 57753 | Depths:3 | Reached skill level 15 in Spellcasting
 58214 | Depths:3 | Killed a juggernaut
 58586 | Depths:4 | Noticed Mennas
 58639 | Depths:4 | Killed Mennas
 58916 | Depths:4 | Noticed a caustic shrike
 58925 | Depths:4 | Paralysed by a floating eye for 4 turns
 58933 | Depths:4 | Reached XP level 25. HP: 66/202 MP: 0/0
 58933 | Depths:4 | Learned a level 9 spell: Death's Door
 59095 | Depths:4 | Identified the +2 pair of gloves "Roawk" {rPois Will-
                  | rCorr}
 59165 | Depths:4 | Noticed a juggernaut
 59233 | Depths:4 | Paralysed by a floating eye for 3 turns
 59246 | Depths:4 | Paralysed by a floating eye for 4 turns
 59248 | Depths:4 | HP: 2/202 [ettin/+2 dire flail of protection (14)]
 59248 | Depths:4 | Demolished by an ettin

Illustrated notes

Levels and vault maps discovered:
D:1:      dpeg_arrival_lava_altar, layout_rooms, ebering_ecumenical_altar_hall
D:2:      layout_rooms, serial_shops, nicolae_shop_overgrown_old_shop,
          uniq_jessica
D:3:      layout_rooms, uniq_purgy
D:4:      layout_basic, nicolae_tso_carved_into_rock, temple_pool_b
D:5:      layout_loops_corners, led_xom_imps
D:6:      layout_basic, general_overflow_altar
D:7:      layout_rooms, serial_co_window_serial, co_window_paths_a,
          co_window_of_opportunity_a, co_window_corner_a, co_window_corner_a,
          co_window_paths_a, co_window_of_opportunity_b, co_window_broadway_c,
          co_window_2corner, co_window_of_opportunity_c, co_window_broadway_c,
          co_window_paths_d, glass_columns_c, glass_columns_a, glass_columns_a,
          glass_columns_a, uniq_prince_ribbit1
D:8:      layout_basic, kennysheep_generic_room_13
D:9:      layout_roguey, jmf_multi_god_temple, grunt_lair_entry_orc_guard_hut
D:10:     layout_loops_cross, pf_just_have_faith, minmay_bent
D:11:     layout_basic, kennysheep_orc_monster_closet_entryway
D:12:     layout_roguey, gauntlet_entry_generic, fedhas_bush_and_centaur_altar,
          uniq_urug
D:13:     minmay_shoctagon, layout_layer_cave,
          hangedman_vaults_entry_quadrant_bands, serial_shops, shop, uniq_kirke,
          uniq_azrael, uniq_nessos
D:14:     minmay_chambers_of_sevens, layout_basic, hangedman_decor_push,
          uniq_roxanne
D:15:     hangedman_depths_entry_civil_slaughter, layout_basic
Temple:   regret_index_temple_sphere_string
Lair:1:   layout_chaotic_city, chequers_serial_rivers_small_b, uniq_maggie
Lair:2:   layout_chaotic_city, uniq_nergalle
Lair:3:   layout_layer_cave, minmay_swamp_entry_worms,
          ebering_ghost_funeral_grove, serial_bayou_shore_b
Lair:4:   beast_lair_carwin_large_3, layout_layer_cave, dummy_snake_entry,
          chequers_serial_rivers_micro_e, uniq_rupert
Lair:5:   layout_cave_pods
Lair:6:   gammafunk_lair_ancient_temple, layout_small_grid,
          dpeg_slime_entry_enclosed_altar, st_stairs_13, roderic_batcave,
          wad_woods_02, uniq_josephine
Swamp:1:  layout_basic_swamp, nicolae_swamp_little_tower, swamp_pool4,
          infiniplex_staircase_pool_2
Swamp:2:  nicolae_swamp_ascending_descending_big, layout_falls_marsh,
          hangedman_swamp_pad, swamp_pool4
Swamp:3:  layout_basic_swamp, evilmike_swamp_ruin_house_3, swamp_pool4,
          hangedman_swamp_blocks, infiniplex_staircase_pool
Swamp:4:  byrel_swamp_growth_death_and_undeath, layout_basic_swamp, swamp_pool3
Snake:1:  layout_layer_cave, lemuel_fruit_tree
Snake:2:  layout_onion_interference, basic_altar, minmay_shop_grove,
          serial_bayou_shore_b, serial_bayou_shore_b, grunt_megastairs_2,
          serial_bayou_shore_b, uniq_louise, uniq_vashnia, uniq_agnes
Snake:3:  layout_onion
Snake:4:  grunt_snake_rune_spirals, layout_onion, basic_altar,
          nicolae_snake_ghostly_warrior_ritual
Orc:1:    layout_diamond_mine, gammafunk_ghost_split, nicolae_orc_tapped_out,
          uniq_erolcha, uniq_sonja
Orc:2:    st_orc_town, layout_caves, serial_shops, shop,
          nicolae_shop_behind_doors, uniq_saint_roka
Elf:1:    gammafunk_sealed_arena, layout_geoelf_octagon,
          kennysheep_underground_church, uniq_nikola
Vaults:1: vaults_mumra_chevron, nicolae_vaults_little_squares_3, v_misc_23,
          nicolae_vaults_border_crossing, vaults_dpeg_cross, vaults_dpeg_hooks,
          vaults_room_corners, layout_vaults_omnigrid, serial_shops, shop,
          uniq_donald
Vaults:2: hangedman_vaults_maws, nicolae_vaults_triangles,
          nicolae_vaults_rhombus_6, vaults_standard_mumra_lines,
          nicolae_vaults_network_barrier, vaults_mumra_minichess_inversion,
          hangedman_vaults_locks, blue_anna_dwarven_crypt, v_misc_13,
          nicolae_vaults_little_ls, layout_vaults_big_cross, enter_trove_3,
          uniq_margery
Vaults:3: grunt_vaults_funneled_arena, v_misc_24, v_misc_3, v_misc_25,
          v_misc_30, v_misc_33, vaults_room_corners, vaults_dpeg_diagonal,
          layout_vaults_big_room
Vaults:4: ontoclasm_vaults_hangar, v_misc_30, nicolae_vaults_circle_grid_b,
          v_misc_33, v_misc_26, v_misc_27, ontoclasm_vaults_ring_small,
          hangedman_vaults_snaps, ontoclasm_vaults_twist,
          ontoclasm_vaults_shuriken, hangedman_vaults_capsules,
          layout_vaults_omnibox, uniq_jory
Depths:1: layout_cave_pools, abyss_entry_crystal, pf_hell_entry_tar_river,
          hangedman_abyss_or_decor_slice, minivault_15, lightli_minifort,
          serial_bayou_shore_a
Depths:2: nzn_winding_woodlands_small [nzn_winding_woodlands_5x15_split_checker,
          nzn_winding_woodlands_center_triple_pond,
          nzn_winding_woodlands_5x15_sawtooth], layout_basic, enter_ziggurat_e,
          serial_shops, nicolae_shop_window_shopping, hell_entry,
          dispersion_dpeg, grunt_megastairs_3, infiniplex_staircase_diamond,
          minmay_shoptagon, serial_bayou_shore_b, uniq_bai_suzhen
Depths:3: minmay_octagon_city, layout_cave_shapes, pan_entry,
          kennysheep_pointless_box, hell_entry
Depths:4: minmay_the_grid_square_5x5_5x5_mashed
          [minmay_the_grid_square_5x5_hollow_slash,
          minmay_the_grid_square_5x5_eight_small,
          minmay_the_grid_square_5x5_one_wall,
          minmay_the_grid_square_5x5_half_checkered,
          minmay_the_grid_square_5x5_hourglass,
          minmay_the_grid_square_5x5_inner_v,
          minmay_the_grid_square_5x5_prize_monsterx,
          minmay_the_grid_square_5x5_plus,
          minmay_the_grid_square_5x5_prize_pseudospiral,
          minmay_the_grid_square_5x5_misaligned,
          minmay_the_grid_square_5x5_seven,
          minmay_the_grid_square_5x5_beaten_path,
          minmay_the_grid_square_5x5_prize_gold,
          minmay_the_grid_square_5x5_bridge,
          minmay_the_grid_square_5x5_pentomino_r,
          minmay_the_grid_square_5x5_six_small,
          minmay_the_grid_square_5x5_prize_junk,
          minmay_the_grid_square_5x5_checkered_sparse,
          minmay_the_grid_square_5x5_prize_snowflake,
          minmay_the_grid_square_5x5_inset,
          minmay_the_grid_square_5x5_almost_minimal,
          minmay_the_grid_square_5x5_comb, minmay_the_grid_square_5x5_corner,
          minmay_the_grid_square_5x5_mess, minmay_the_grid_square_5x5_minibox],
          layout_basic, pan_entry, abyss_entry, minmay_misc_feat_four_crosses,
          hell_entry, grunt_ministairs_9, infiniplex_staircase_star, uniq_mennas

Skill      XL: |  1  2  3  4  5  6  7  8  9 10 11 12 13 14 15 16 17 18 19 20 21 22 23 24 |
---------------+-------------------------------------------------------------------------+-----
Spellcasting   | 3 4 5 7 8 9 10 11 12 13 14 15 | 15.7
Fighting       | 4 5 6 7 9 11 12 15 18 19 | 19.1
Evocations     | 1 |  1.4
Armour         | 1 2 5 9 11 13 | 13.9
Dodging        | 1 4 7 10 14 16 17 19 22 23 | 23.5
Shields        | 2 3 9 11 12 13 14 15 18 19 | 19.1
Short Blades   | 1 5 |  5.7
Polearms       | 2 7 |  7.0
Staves         | |  1.7
Stealth        | |  1.5

Action                   |  1- 3 |  4- 6 |  7- 9 | 10-12 | 13-15 | 16-18 | 19-21 | 22-24 | 25-27 || total
-------------------------+-------+-------+-------+-------+-------+-------+-------+-------+-------++-------
Melee: Quarterstaff      |    65 |    80 |   209 |       |       |       |       |       |       ||   354
       Rapier            |       |       |    21 |    65 |   192 |       |       |       |       ||   278
       Lance             |       |       |       |       |   720 |   899 |  1551 |  1612 |    48 ||  4830
 Cast: Magic Dart        |    23 |     4 |       |       |       |       |       |       |       ||    27
       Mephitic Cloud    |     1 |       |    12 |     2 |     1 |       |       |       |       ||    16
       Poisonous Vapours |       |    48 |   104 |    50 |    22 |       |       |       |       ||   224
       Blink             |       |     2 |     3 |       |       |       |       |       |       ||     5
       Conjure Flame     |       |       |     6 |     1 |       |       |       |       |       ||     7
       Call Canine Famil |       |       |     7 |       |       |       |       |       |       ||     7
       Inner Flame       |       |       |     8 |    24 |    39 |    11 |     1 |       |       ||    83
       Bolt of Magma     |       |       |       |    74 |   150 |   116 |   109 |   104 |     8 ||   561
       Lightning Bolt    |       |       |       |       |    32 |    85 |    18 |     9 |       ||   144
       Shadow Creatures  |       |       |       |       |       |    45 |    24 |    57 |     8 ||   134
       Spellforged Servi |       |       |       |       |       |    21 |    19 |    23 |       ||    63
       Haunt             |       |       |       |       |       |       |    60 |    43 |     1 ||   104
Invok: Recite            |       |     1 |       |       |       |       |       |       |       ||     1
       Curse Item        |       |       |     3 |     5 |     3 |     4 |       |     2 |     1 ||    18
       Shatter the Chain |       |       |     1 |       |     3 |     2 |       |     4 |       ||    10
Evoke: Wand              |       |       |       |       |       |       |       |     1 |       ||     1
  Use: Scroll            |       |     3 |     1 |     4 |     1 |     1 |     4 |    11 |     2 ||    27
       Potion            |       |     1 |       |     2 |     1 |     2 |     1 |     9 |       ||    16
 Stab: Sleeping          |     3 |     4 |     3 |       |    12 |     5 |       |       |       ||    27
       Confused          |     1 |       |     2 |     1 |       |       |       |       |       ||     4
       Invisible         |       |       |     2 |       |       |       |     3 |       |       ||     5
       Distracted        |       |       |       |       |     1 |     8 |    14 |    12 |     1 ||    36
       Petrified         |       |       |       |       |       |     4 |       |       |       ||     4
       Petrifying        |       |       |       |       |       |     1 |       |       |       ||     1
       Held in net/web   |       |       |       |       |       |       |       |     3 |       ||     3
Armor: Robe              |    20 |    30 |    34 |       |       |       |       |       |       ||    84
       Leather armour    |       |       |    22 |    11 |    83 |    14 |       |       |       ||   130
       Chain mail        |       |       |       |       |       |    55 |   154 |   185 |     4 ||   398
Dodge: Dodged            |    55 |    70 |   170 |    49 |   263 |   185 |   208 |   388 |    20 ||  1408
Block: Buckler           |       |       |     2 |    14 |       |       |       |       |       ||    16
       Tower shield      |       |       |       |    62 |  1091 |   795 |  1206 |  1325 |    31 ||  4510
       Reflection        |       |       |       |       |     2 |   157 |   168 |    14 |       ||   341

Table legend: (Time is in decaauts)
 A = Elapsed time spent in this place.
 B = Non-inter-level travel time spent in this place.
 C = Inter-level travel time spent in this place.
 D = Time resting spent in this place.
 E = Time spent auto-exploring this place.
 F = Levels seen in this place.
 G = Mean time per level.
                   A        B        C        D        E       F      G
               +--------+--------+--------+--------+--------+-----+--------+
         Total |  57172 |  52666 |   4506 |   6877 |  35170 |  43 | 1329.6 |
       Dungeon |  22009 |  20129 |   1880 |   2316 |  14895 |  15 | 1467.3 |
        Temple |    201 |    145 |     56 |      0 |    133 |   1 |  201.0 |
          Lair |  10081 |   9336 |    745 |   1628 |   6405 |   6 | 1680.2 |
         Swamp |   2452 |   2350 |    102 |     42 |   1676 |   4 |  613.0 |
     Snake Pit |   4842 |   4551 |    291 |    352 |   2792 |   4 | 1210.5 |
  Orcish Mines |   5411 |   4846 |    565 |   1607 |   2450 |   2 | 2705.5 |
   Elven Halls |      1 |      0 |      1 |      0 |      0 |   1 |    1.0 |
        Vaults |   5989 |   5408 |    581 |     76 |   3667 |   4 | 1497.2 |
        Depths |   5562 |   5280 |    282 |    715 |   2853 |   4 | 1390.5 |
         Trove |     44 |     44 |      0 |      0 |      0 |   1 |   44.0 |
      Gauntlet |    574 |    574 |      0 |    140 |    299 |   1 |  574.0 |
               +--------+--------+--------+--------+--------+-----+--------+

Top non-repeatable levels by time:
  Lair:4: 2777 daAuts
   Orc:2: 2746 daAuts
   Orc:1: 2665 daAuts
     D:4: 2315 daAuts
    D:13: 1965 daAuts
     D:7: 1948 daAuts
Depths:3: 1765 daAuts
    D:12: 1750 daAuts
     D:9: 1740 daAuts
  Lair:5: 1732 daAuts
     D:2: 1726 daAuts
  Lair:6: 1720 daAuts
  Lair:3: 1681 daAuts
Depths:2: 1679 daAuts
     D:5: 1667 daAuts
